General information
- name: BNet
- type: Ladder team game (AT/RT)
- host: Battle.net
- saver: TheNumber1-B
map: Friends
- players: 8
- length: 17:19
- speed: Fast
- version: 1.23 W3XP
- replay type: Public
» download(59 KB)
Players
team 1 (winner)

»
TheNumber1-B (
blue | 63 APM | 1083 actions | 17:19)
5 Blademaster
3 Wind Walk
2 Critical Strike
» actions
| Assign group hotkey | 5 | |
| Basic commands | 2 | |
| Build / train | 46 | |
| Enter build submenu | 33 | |
| Enter hero's abilities submenu | 5 | |
| Right click | 438 | |
| Select / deselect | 79 | |
| Select group hotkey | 415 | |
| Use ability | 60 | |
1083 total
» units
» upgrades
| Spiked Barricades | 2 | |
| Reinforced Defenses | 1 | |
| Liquid Fire | 1 | |
| Ranged Weapons | 1 | |
5 total
» buildings
| Altar of Storms | 1 | |
| Orc Burrow | 7 | |
| Voodoo Lounge | 1 | |
| War Mill | 2 | |
| Watch Tower | 16 | |
| Stronghold | 1 | |
| Fortress | 1 | |
| Beastiary | 4 | |
33 total
» build order
00:14 Altar of Storms
00:23 Orc Burrow
00:53 Voodoo Lounge
01:10 War Mill
01:40 Orc Burrow
02:52 Watch Tower
03:48 Stronghold
03:51 Watch Tower
03:52 Watch Tower
03:57 Watch Tower
04:08 Watch Tower
04:14 Watch Tower
04:32 Watch Tower
04:35 Watch Tower
05:34 Watch Tower
05:35 Watch Tower
05:50 Watch Tower
05:51 Watch Tower
06:13 Orc Burrow
06:35 Watch Tower
06:46 War Mill
07:06 Watch Tower
07:09 Watch Tower
07:43 Fortress
08:02 Watch Tower
10:18 Beastiary
10:19 Beastiary
10:22 Beastiary
10:25 Beastiary
10:54 Orc Burrow
10:55 Orc Burrow
10:56 Orc Burrow
10:57 Orc Burrow
» items
| Healing Salve | 2 | |
| Lesser Clarity Potion | 2 | |
| Potion of Healing | 1 | |
| Orb of Lightning | 1 | |
6 total
Sheldark (
orange | 27 APM | 470 actions | 17:18)
2 Death Knight
2 Unholy Aura
» actions
| Build / train | 49 | |
| Enter build submenu | 18 | |
| Enter hero's abilities submenu | 2 | |
| Remove unit from queue | 1 | |
| Right click | 245 | |
| Select / deselect | 140 | |
| Use ability | 15 | |
470 total
» units
| Acolyte | 8 | |
| Ghoul | 12 | |
| Crypt Fiend | 7 | |
| Abomination | 6 | |
33 total
» upgrades
| Unholy Strength | 2 | |
| Unholy Armor | 2 | |
| Disease Cloud | 1 | |
| Web | 1 | |
6 total
» buildings
| Crypt | 1 | |
| Ziggurat | 9 | |
| Altar of Darkness | 1 | |
| Graveyard | 2 | |
| Halls of the Dead | 1 | |
| Black Citadel | 1 | |
| Slaughterhouse | 1 | |
16 total
» build order
00:07 Crypt
00:14 Ziggurat
00:50 Altar of Darkness
01:29 Graveyard
01:47 Ziggurat
02:19 Ziggurat
03:59 Halls of the Dead
06:34 Black Citadel
06:47 Slaughterhouse
07:02 Ziggurat
12:21 Ziggurat
12:28 Ziggurat
12:32 Ziggurat
12:44 Ziggurat
13:04 Ziggurat
14:12 Graveyard
barneysong (
pink | 38 APM | 649 actions | 17:18)
4 Priestess of the Moon
1 Scout
2 Searing Arrows
1 Trueshot Aura
» actions
| Assign group hotkey | 7 | |
| Basic commands | 17 | |
| Build / train | 32 | |
| Enter build submenu | 18 | |
| Enter hero's abilities submenu | 4 | |
| Right click | 303 | |
| Select / deselect | 112 | |
| Select group hotkey | 131 | |
| Use ability | 25 | |
649 total
» units
» upgrades
| Strength of the Wild | 3 | |
| Reinforced Hides | 3 | |
| Hardened Skin | 1 | |
| Resistant Skin | 1 | |
| Well Spring | 1 | |
9 total
» buildings
| Altar of Elders | 1 | |
| Moon Well | 9 | |
| Tree of Ages | 1 | |
| Tree of Eternity | 1 | |
| Hunter's Hall | 1 | |
| Ancient of Lore | 3 | |
| Ancient of Wonders | 1 | |
| Tree of Life | 1 | |
18 total
» build order
00:08 Altar of Elders
00:19 Moon Well
01:39 Moon Well
02:27 Tree of Ages
02:34 Moon Well
02:39 Moon Well
04:50 Tree of Eternity
05:45 Hunter's Hall
07:00 Ancient of Lore
07:00 Ancient of Lore
07:02 Ancient of Lore
09:09 Moon Well
09:10 Moon Well
09:10 Moon Well
09:11 Moon Well
10:16 Ancient of Wonders
11:37 Moon Well
11:49 Tree of Life
Dept.Hmld.Sec (
yellow | 4 APM | 69 actions | 17:18)
» actions
| Build / train | 15 | |
| Enter build submenu | 7 | |
| Right click | 9 | |
| Select / deselect | 24 | |
| Use ability | 14 | |
69 total
» units
» upgrades
» buildings
| Barracks | 2 | |
| Orc Burrow | 10 | |
| War Mill | 1 | |
| Altar of Storms | 1 | |
| Stronghold | 3 | |
17 total
» build order
00:59 Barracks
01:02 Barracks
01:11 Orc Burrow
01:12 Orc Burrow
03:51 Orc Burrow
03:53 War Mill
03:57 Altar of Storms
03:59 Orc Burrow
04:00 Orc Burrow
04:01 Orc Burrow
07:36 Stronghold
07:36 Stronghold
07:36 Stronghold
07:40 Orc Burrow
07:40 Orc Burrow
07:42 Orc Burrow
07:43 Orc Burrow
team 2 (loser)

»
bobcantheallawl (
teal | 43 APM | 172 actions | 03:59)
1 Crypt Lord
1 Impale
» actions
| Build / train | 13 | |
| Enter build submenu | 6 | |
| Enter hero's abilities submenu | 1 | |
| Remove unit from queue | 1 | |
| Right click | 65 | |
| Select / deselect | 79 | |
| Use ability | 7 | |
172 total
» units
» buildings
| Crypt | 1 | |
| Ziggurat | 2 | |
| Graveyard | 1 | |
| Altar of Darkness | 1 | |
5 total
» build order
00:25 Crypt
00:28 Ziggurat
00:54 Graveyard
00:59 Altar of Darkness
02:02 Ziggurat

»
Demonight (
red | 16 APM | 274 actions | 17:18)
» actions
| Basic commands | 8 | |
| Build / train | 66 | |
| Right click | 56 | |
| Select / deselect | 139 | |
| Use ability | 5 | |
274 total
» units
| Acolyte | 27 | |
| Ghoul | 13 | |
| Crypt Fiend | 15 | |
55 total
» upgrades
| Backpack | 1 | |
| Unholy Strength | 2 | |
| Creature Attack | 1 | |
4 total
» buildings
| Halls of the Dead | 1 | |
| Spirit Tower | 2 | |
| Nerubian Tower | 3 | |
6 total
» build order
04:33 Halls of the Dead
07:40 Spirit Tower
07:40 Spirit Tower
11:04 Nerubian Tower
12:26 Nerubian Tower
15:21 Nerubian Tower

»
creatured (
green | 34 APM | 143 actions | 04:08)
1 Lich
1 Frost Nova
» actions
| Assign group hotkey | 9 | |
| Basic commands | 2 | |
| Build / train | 14 | |
| Enter build submenu | 12 | |
| Enter hero's abilities submenu | 1 | |
| Right click | 20 | |
| Select / deselect | 43 | |
| Select group hotkey | 33 | |
| Use ability | 9 | |
143 total
» units
» upgrades
» buildings
| Altar of Darkness | 1 | |
| Ziggurat | 4 | |
| Crypt | 2 | |
| Graveyard | 1 | |
| Tomb of Relics | 1 | |
9 total
» build order
00:08 Altar of Darkness
00:09 Ziggurat
00:34 Crypt
00:58 Crypt
01:32 Ziggurat
02:45 Graveyard
03:11 Ziggurat
03:15 Ziggurat
03:32 Tomb of Relics
Chat log
(00:33 / Allies) Sheldark: lol sry blue
(00:33 / Allies) Sheldark: :P
(03:02 / Allies) Sheldark: lol
(04:00 / Allies) TheNumber1-B: TOWER WALL UR BASE IN
(04:21 / All) barneysong: NOOBS
(05:29 / All) barneysong: NOOBZZZZZZZZZZZZZZZZZZZZZZZZZZZZ
(05:34 / Allies) Sheldark: lol
(06:01 / All) barneysong: N0o0o0o0o00o0o0o0o0o0o0o0o0o0obZzZzZzZ1
(06:50 / All) TheNumber1-B: LEAVE SHRIMP DICK
(06:54 / All) TheNumber1-B: ALT Q Q
(08:20 / Allies) TheNumber1-B: HIT
(08:21 / Allies) TheNumber1-B: FUCK
(08:22 / Allies) TheNumber1-B: HOLY FUCK
(08:28 / Allies) TheNumber1-B: THERES 1 LEFT
(09:59 / All) barneysong: N0o0o0o0o0o0o0o0o0oBbBbBbBbBbBbzZZzzZzZZZZZ11
(10:25 / All) barneysong: Leave noobz11!!bbq
(11:06 / All) barneysong: LAWL LAWL LAWL LAWL MY TEAM IS SUCK U CAN WIN IF U TRY
(13:19 / Allies) barneysong: i win